 Dungeon Crawl Stone Soup version 0.17-a0-2208-ge5ab1d3 (webtiles) character file.

119 Duffy the Magician (level 4, -2/21 HPs)
             Began as a Spriggan Earth Elementalist on Oct 26, 2015.
             Slain by a wasp zombie (4 damage)
             ... on level 3 of the Dungeon.
             The game lasted 00:05:06 (3748 turns).

Duffy the Magician (Spriggan Earth Elementalist)    Turns: 3748, Time: 00:05:07

Health: -2/21      AC:  2    Str:  4    XL:     4   Next: 73%
Magic:  4/11       EV: 18    Int: 17    God:
Gold:   79         SH:  0    Dex: 16    Spells: 1 memorised, 11 levels left

rFire  . . .     SeeInvis +     l - +1 hunting sling (flame)
rCold  . . .     Clarity  .     b - +0 robe
rNeg   . . .     SustAt   .     (shield restricted)
rPois  .         Gourm    .     (helmet restricted)
rElec  .         Spirit   .     (no cloak)
rCorr  .         Warding  .     (gloves unavailable)
rMut   .         Stasis   .     (boots unavailable)
MR     .....                    (no amulet)
Stlth  +++.......               (no ring)
                                e - ring of invisibility

@: very slightly contaminated, very quick, not resistant to hostile
enchantments, fairly stealthy
A: unfitting armour, see invisible, herbivore 3, speed 3, slow metabolism 2
a: Evoke Invisibility


You were on level 3 of the Dungeon.
You were not hungry.

You visited 1 branch of the dungeon, and saw 3 of its levels.

You collected 79 gold pieces.


Innate Abilities, Weirdness & Mutations

You are tiny and cannot use many weapons and most armour.
You have supernaturally acute eyesight.
You are a herbivore.
You cover ground extremely quickly.
You need consume almost no food.


   Skills:
 - Level 3.0 Dodging
 - Level 3.0 Stealth
 + Level 4.5 Spellcasting
   Level 1.3 Transmutations
 + Level 4.1 Earth Magic


You had 11 spell levels left.
You knew the following spells:

 Your Spells              Type           Power        Failure   Level  Hunger
a - Sandblast             Erth           ###...       2%          1    None

Inventory:

Hand Weapons
 k - a +0 spear
 l - a +1 hunting sling of flaming (weapon)
Missiles
 a - 59 stones (quivered)
 i - 23 bolts
Armour
 b - a +0 robe (worn)
Jewellery
 e - a ring of invisibility (left hand)
Scrolls
 f - a scroll of amnesia {unknown}
 g - a scroll of fog {unknown}
 j - 3 scrolls of identify {unknown}
 m - 3 scrolls of blinking {unknown}
 p - a scroll of recharging {unknown}
 q - a scroll of remove curse {unknown}
 r - a scroll of teleportation {unknown}
Potions
 h - a potion of heal wounds {unknown}
 o - a potion of mutation {unknown}
 s - a potion of agility {unknown}
Books
 c - a book of Geomancy
Comestibles
 d - a bread ration
 n - a fruit

Dungeon Overview and Level Annotations

Branches:
Dungeon (3/15)

Altars:
Sif Muna


Message History

Aiming: Sandblast
Press: ? - help, Shift-Dir - straight line, f/p - wasp zombie
Aim: a wasp zombie The blast of sand hits the wasp zombie.
The wasp zombie misses you. The wasp zombie misses you.
Cast which spell? (? or * to list)
Aiming: Sandblast
Press: ? - help, Shift-Dir - straight line, f/p - wasp zombie
Aim: a wasp zombie You miscast Sandblast.
You are very lightly contaminated with residual magic.
Nothing appears to happen.
The wasp zombie barely misses you.
Cast which spell? (? or * to list)
Aiming: Sandblast
Press: ? - help, Shift-Dir - straight line, f/p - wasp zombie
Aim: a wasp zombie The blast of sand misses the wasp zombie.
The wasp zombie hits you.
Cast which spell? (? or * to list)
Aiming: Sandblast
Press: ? - help, Shift-Dir - straight line, f/p - wasp zombie
Aim: a wasp zombie The blast of sand hits the wasp zombie.
The wasp zombie hits you. The wasp zombie closely misses you.
Cast which spell? (? or * to list)
Aiming: Sandblast
Press: ? - help, Shift-Dir - straight line, f/p - wasp zombie
Aim: a wasp zombie The blast of sand hits the wasp zombie.
The wasp zombie completely misses you.
Cast which spell? (? or * to list)
Aiming: Sandblast
Press: ? - help, Shift-Dir - straight line, f/p - wasp zombie
Aim: a wasp zombie The blast of sand hits the wasp zombie.
The wasp zombie hits you.
You die...

#.# #.# #.#
#)# #.# #.#
#.#
#.######.##
#@#.Z......
#Z#.# #...#
#####


You could see a wasp zombie.

Action                   |  1- 3 |  4- 6 || total
-------------------------+-------+-------++-------
 Cast: Sandblast         |   105 |    89 ||   194

Notes
Turn   | Place    | Note
--------------------------------------------------------------
     0 | D:1      | Duffy the Spriggan Earth Elementalist began the quest for the Orb.
     0 | D:1      | Reached XP level 1. HP: 9/9 MP: 5/5
   270 | D:1      | Reached skill level 3 in Spellcasting
   406 | D:1      | Reached skill level 3 in Earth Magic
   406 | D:1      | Reached XP level 2. HP: 13/13 MP: 5/7
   923 | D:1      | Reached XP level 3. HP: 8/16 MP: 0/9
  1832 | D:2      | Reached skill level 4 in Spellcasting
  2047 | D:2      | Reached XP level 4. HP: 1/21 MP: 3/11
  2952 | D:2      | Reached skill level 4 in Earth Magic
  3273 | D:2      | Found a faded altar to an unknown god.
  3443 | D:2      | Found a deep blue altar of Sif Muna.
  3748 | D:3      | Slain by a wasp zombie

Vault maps used:
D:1:      dpeg_arrival_water_altar
D:2:      lemuel_round_altar, ecumenical_altar_1, minmay_fountain_box
D:3:      first_bread, serial_aquarium, aquarium_bridge_square,
          aquarium_window_corridor_3, aquarium_window_2, aquarium_window_double,
          aquarium_view_2c, trog_hazing_becter

Vanquished Creatures
  2 adders
  3 gnolls
  3 worms
  4 giant geckos
  An orc
  7 bats
  A giant cockroach
  11 hobgoblins
  9 jackals
  2 quokkas
  2 ball pythons
  A giant newt
  8 goblins
  3 kobolds
  4 rats
61 creatures vanquished.
